Map: Cañón atribulado

Players

MrFercho

  • Race: Zerg Zerg
  • League: Silver
  • Spawn Location: 3:00

tigro

  • Race: Terran Terran
  • League: Bronze
  • Spawn Location: 12:00

TATORREA

  • Race: Protoss Protoss
  • League: Silver
  • Spawn Location: 12:00

Gesama - Winner!

  • Race: Protoss Protoss
  • Spawn Location: 6:00

echoprime - Winner!

  • Race: Terran Terran
  • Spawn Location: 7:00

arcos - Winner!

  • Race: Protoss Protoss
  • Spawn Location: 6:00

VOD

Have the link to the VOD?

Description

Time

  • Played on: June 25, 2020, 10:25 p.m.
  • Length: 13:08
Show
View Real Time Build Order
Export as new Build Order

MrFercho Zerg 

Build Orders: Hatch First, Lurkers 

Get SALT Encoding   

  12  0:01  Drone  
  13  0:14  Overlord  
  13  0:30  Drone  
  13  0:32  Drone x2  
  16  1:01  Hatchery  
  15  1:14  Spawning Pool  
  14  1:23  Drone x3  
  17  1:50  Drone x2  
  19  1:55  Drone, Extractor  
  19  2:17  Drone  
  20  2:25  Drone  
  21  2:30  Queen x2  
  21  2:32  Overlord  
  21  2:33  Overlord  
  21  2:35  Drone  
  26  2:37  Drone  
  26  2:38  Drone  
  28  2:53  Zergling x2  
  28  2:54  Zergling x2  
  28  2:58  Extractor  
  29  2:59  Drone  
  29  3:03  Zergling x2  
  31  3:15  Lair  
  31  3:22  Drone x4  
  35  3:29  Spine Crawler x2  
  35  3:31  Zergling x2  
  34  3:42  Baneling Nest  
  34  3:43  Drone x2  
  35  3:50  Zergling x2  
  35  3:51  Zergling x6  
  39  3:56  Metabolic Boost  
  39  3:59  Drone x5  
  44  4:06  Extractor  
  43  4:10  Extractor  
  42  4:18  Drone x2  
  41  4:41  Spore Crawler  
  41  4:44  Spore Crawler  
  39  4:46  Drone x3  
  39  4:47  Drone x2  
  44  4:53  Overlord x2  
  44  4:54  Overlord x3  
  44  4:55  Overlord  
  44  5:11  Zergling x2  
  43  6:09  Zergling x2  
  43  6:10  Zergling x10  
  49  6:29  Centrifical Hooks  
  49  6:37  Drone  
  49  6:38  Drone x2  
  52  6:46  Drone x3  
  55  6:57  Hydralisk Den  
  46  7:11  Drone x6  
  52  7:38  Baneling  
  52  7:39  Baneling x9  
  52  7:40  Baneling x7  
  52  7:41  Baneling x13  
  52  7:50  Hydralisk x5  
  45  8:34  Hydralisk x4  
  45  8:35  Hydralisk x6  
  65  8:53  Lurker Den  
  64  9:03  Hatchery  
  64  9:04  Extractor  
  62  9:11  Extractor  
  59  9:20  Zergling x18  
  62  9:36  Drone x2  
  64  9:52  Muscular Augments  
  64  10:09  Lurker  
  64  10:10  Lurker x9  
  64  10:13  Zergling x12  
  68  10:45  Hydralisk x5  
  78  11:04  Grooved Spines  
  78  11:08  Hydralisk  
  78  11:09  Hydralisk x6  
  76  11:40  Hydralisk x7  
  76  11:42  Overlord  
  90  11:56  Nydus Network  
  90  11:59  Overlord x4  
  89  12:03  Zergling x2  
  89  12:04  Zergling x6  
  93  12:12  Zergling x6  
  93  12:15  Zergling x4  
  56  12:58  Nydus Canal  
Show
View Real Time Build Order
Export as new Build Order

tigro Terran 

Build Orders:  

Get SALT Encoding   

  12  0:02  SCV  
  13  0:14  SCV  
  14  0:22  Supply Depot  
  14  0:27  Refinery  
  14  0:31  SCV  
  15  0:43  SCV  
  16  0:51  Barracks  
  16  0:58  SCV  
  17  1:05  Refinery  
  17  1:10  SCV  
  18  1:35  Supply Depot  
  18  1:40  Marine  
  19  1:50  SCV  
  20  1:58  Marine  
  20  2:00  Barracks  
  21  2:02  SCV  
  22  2:16  SCV, Marine  
  24  2:29  SCV  
  25  2:33  Marine  
  26  2:41  SCV  
  27  2:48  Barracks Reactor  
  27  2:49  Factory  
  27  2:51  Marine  
  27  2:57  Orbital Command  
  28  3:04  Engineering Bay  
  28  3:14  Barracks Tech Lab  
  28  3:37  Marine x3  
  28  3:40  Factory Tech Lab  
  28  3:41  Starport  
  31  4:02  Marine x3  
  34  4:09  Missile Turret  
  34  4:20  Marine x3  
  34  4:22  Medivac  
  39  4:37  Missile Turret  
  39  5:00  Missile Turret  
  39  5:16  Command Center  
  39  5:26  Missile Turret  
  39  5:35  Combat Shield  
  39  5:40  Terran Infantry Weapons Level 1  
  39  5:46  Starport Tech Lab  
  39  6:17  Marine, Siege Tank  
  43  6:24  Starport  
  43  6:39  SCV, Refinery  
  44  6:44  Marine x2  
  44  6:45  Marine  
  47  6:51  SCV  
  48  6:54  Stimpack  
  47  7:02  Marine x3  
  47  7:03  SCV  
  50  7:15  SCV  
  51  7:18  Starport Tech Lab  
  51  7:20  Marine  
  52  7:27  SCV  
  52  7:28  Supply Depot  
  53  7:34  Terran Infantry Armor Level 1  
  42  7:52  Fusion Core  
  29  8:11  Marine x3  
  31  8:13  Medivac  
  31  8:14  Medivac  
  35  8:29  Marine x3  
  35  8:31  Siege Tank  
  41  8:34  Concussive Shells  
  41  8:44  Armory  
  41  8:47  Marine x3  
  41  9:04  Marine  
  41  9:05  Marine x2  
  44  9:22  Marine x2  
  44  9:23  Marine  
  47  9:28  Neosteel Armor  
  47  9:40  Marine x3  
  48  9:58  Marine  
Show
View Real Time Build Order
Export as new Build Order

TATORREA Protoss 

Build Orders:  

Get SALT Encoding   

  12  0:02  Probe  
  14  0:14  Probe  
  14  0:20  Pylon  
  14  0:26  Probe  
  15  0:38  Probe  
  16  0:44  Gateway  
  16  1:03  Probe  
  17  1:15  Probe  
  18  1:26  Assimilator  
  18  1:28  Probe  
  18  1:31  Pylon  
  19  1:40  Probe  
  20  1:48  Cybernetics Core  
  20  1:52  Probe  
  21  2:00  Assimilator  
  21  2:04  Probe  
  22  2:16  Probe  
  22  2:17  Assimilator  
  23  2:35  Gateway  
  23  2:48  Probe  
  24  2:54  Nexus  
  24  2:56  Probe, Assimilator  
  24  3:00  Stalker  
  24  3:02  Pylon  
  24  3:03  Warp Gate  
  27  3:06  Pylon  
  27  3:08  Probe  
  28  3:16  Probe  
  29  3:33  Stargate  
  29  3:34  Probe  
  30  3:42  Probe  
  31  3:48  Stalker  
  31  3:50  Probe, Stalker  
  36  3:58  Probe  
  37  4:06  Probe x2  
  38  4:15  Probe  
  39  4:18  Probe, Assimilator  
  41  4:27  Probe  
  41  4:30  Probe  
  43  4:50  Probe  
  43  4:51  Probe  
  43  4:58  Probe  
  43  4:59  Probe  
  45  5:01  Nexus  
  45  5:06  Pylon  
  47  5:08  Probe x2, Pylon  
  49  5:17  Fleet Beacon  
  49  5:20  Probe x2  
  51  5:22  Stalker x2  
  55  5:37  Probe x2  
  57  5:49  Probe x2  
  59  5:55  Stalker x2  
  63  6:01  Probe x2  
  65  6:13  Probe x2  
  65  6:16  Stargate  
  65  6:18  Stargate  
  67  6:20  Stargate  
  67  6:23  Stargate  
  67  6:26  Protoss Air Weapons Level 1  
  67  6:28  Cybernetics Core  
  67  6:31  Pylon  
  67  6:34  Pylon  
  67  6:36  Probe  
  67  6:37  Probe x2  
  67  6:38  Pylon  
  70  6:42  Pylon  
  70  6:45  Pylon  
  70  6:48  Probe  
  70  6:49  Probe x2  
  70  6:50  Nexus  
  70  6:53  Pylon  
  73  6:56  Pylon  
  73  7:00  Assimilator  
  73  7:01  Probe x3  
  75  7:04  Assimilator  
  76  7:13  Probe x3  
  79  7:25  Probe x3  
  82  7:36  Assimilator  
  82  7:37  Probe x3  
  82  7:42  Assimilator  
  85  7:51  Protoss Air Armor Level 1  
  84  7:59  Tempest x2, Carrier x2  
  84  8:00  Carrier  
  111  8:09  Stalker  
  111  8:10  Stalker  
  115  8:17  Probe  
  115  8:18  Probe x2  
  115  8:19  Probe  
  119  8:30  Probe x2  
  108  8:37  Stalker  
  108  8:40  Stalker  
  91  9:15  Probe x2  
  91  9:16  Probe x2  
  72  9:27  Probe  
  72  9:28  Probe  
  67  9:38  Probe x2  
  67  9:39  Probe  
  67  9:40  Probe  
  51  9:50  Probe  
  51  9:52  Probe  
  51  9:53  Probe  
  51  9:57  Tempest  
  49  10:02  Probe  
  49  10:04  Probe  
  49  10:05  Probe  
  47  10:14  Probe  
Show
View Real Time Build Order
Export as new Build Order

Gesama Protoss - Winner!

Build Orders: Blink Stalkers 

Get SALT Encoding   

  12  0:02  Probe  
  13  0:14  Probe  
  14  0:27  Pylon  
  14  0:32  Probe  
  15  0:42  Assimilator  
  15  0:45  Probe  
  16  0:59  Probe  
  16  1:02  Gateway  
  17  1:08  Gateway  
  17  1:11  Probe  
  17  1:12  Assimilator  
  18  1:19  Probe  
  19  1:38  Probe  
  20  1:55  Cybernetics Core  
  20  1:59  Probe  
  20  2:00  Pylon  
  21  2:01  Zealot  
  23  2:18  Probe  
  24  2:22  Gateway  
  24  2:26  Gateway  
  24  2:37  Twilight Council  
  24  2:40  Probe  
  24  2:48  Probe, Stalker  
  28  3:19  Nexus  
  28  3:20  Probe  
  29  3:28  Pylon  
  29  3:34  Assimilator  
  29  3:35  Probe  
  29  3:36  Blink  
  29  3:40  Warp Gate  
  30  3:47  Probe  
  31  3:59  Probe  
  32  4:12  Probe  
  32  4:16  Robotics Facility  
  33  4:24  Probe  
  34  4:27  Assimilator  
  34  4:36  Probe  
  35  4:47  Pylon  
  35  4:48  Probe  
  36  4:56  Forge  
  36  4:58  Probe  
  37  5:00  Probe  
  38  5:10  Probe  
  38  5:12  Probe, Pylon  
  38  5:14  Pylon  
  40  5:20  Pylon  
  40  5:21  Observer  
  41  5:22  Probe  
  41  5:24  Probe  
  43  5:35  Probe  
  44  5:36  Probe  
  44  5:37  Charge  
  45  5:45  Shield Battery  
  45  5:46  Warp Prism  
  45  5:47  Probe  
  45  5:48  Probe  
  49  5:55  Stalker  
  51  5:58  Stalker  
  51  5:59  Probe  
  51  6:00  Probe  
  51  6:03  Protoss Ground Armor Level 1  
  55  6:11  Probe  
  56  6:13  Probe  
  57  6:20  Nexus  
  57  6:23  Probe  
  57  6:25  Probe  
  59  6:30  Gateway  
  59  6:35  Probe  
  60  6:58  Stalker  
  60  6:59  Stalker x3  
  68  7:16  Gateway x2  
  68  7:18  Gateway  
  68  7:20  Gateway  
  68  7:22  Pylon  
  68  7:25  Pylon  
  68  7:27  Pylon  
  68  7:30  Pylon  
  68  7:31  Probe x2  
  68  7:32  Probe  
  71  7:43  Probe x2  
  74  7:44  Probe  
  74  7:47  Zealot x3  
  74  7:48  Zealot  
  82  7:55  Probe  
  82  7:57  Stalker  
  85  8:16  Zealot x2  
  85  8:17  Zealot x4  
  91  8:39  Stalker x3  
  91  8:40  Stalker x2  
  95  8:44  Probe  
  95  8:45  Assimilator  
  95  8:47  Probe x2  
  98  8:49  Assimilator  
  98  8:52  Probe  
  98  8:59  Probe x2  
  98  9:02  Warp Prism  
  89  9:11  Stalker  
  89  9:12  Stalker x5  
  89  9:13  Stalker x3  
  105  9:38  Nexus  
  101  9:41  Warp Prism  
  85  10:12  Stalker x2  
  85  10:13  Stalker x6  
  85  10:14  Stalker  
  93  10:28  Gateway  
  93  10:30  Gateway  
  93  10:33  Gateway  
  93  10:38  Gateway, Observer  
  93  10:44  Zealot x2  
  93  10:45  Zealot x5  
  93  10:46  Zealot  
  109  10:53  Templar Archives  
  109  10:56  Dark Shrine  
  109  11:09  Zealot x3  
  109  11:10  Zealot x5  
  109  11:11  Zealot  
  127  11:37  Stalker x5  
  127  11:38  Stalker x3  
  143  11:42  Observer  
  144  11:58  High Templar x2  
  148  12:08  Pylon x2  
  148  12:12  Pylon  
  148  12:14  Pylon  
  148  12:15  Pylon  
  148  12:23  Pylon  
  148  12:26  Observer  
Show
View Real Time Build Order
Export as new Build Order

echoprime Terran - Winner!

Build Orders: 1/1/1 

Get SALT Encoding   

  12  0:16  SCV  
  12  0:20  Supply Depot  
  13  0:24  Refinery  
  13  0:28  SCV  
  14  0:44  Barracks  
  14  0:50  SCV  
  15  1:02  SCV  
  16  1:14  SCV  
  17  1:26  SCV  
  18  1:34  Factory  
  18  1:36  Marine  
  18  1:39  SCV  
  20  1:54  Marine  
  21  2:19  Factory Tech Lab  
  21  2:24  SCV  
  21  2:25  Starport  
  22  2:37  Command Center  
  22  2:58  Refinery  
  22  2:59  SCV  
  23  3:31  Supply Depot  
  23  3:32  Supply Depot  
  23  3:43  Supply Depot  
  23  3:44  Supply Depot  
  23  3:48  Marine  
  23  3:49  Siege Tank  
  27  3:56  Orbital Command  
  27  4:02  Medivac  
  29  4:06  Marine  
  30  4:21  SCV  
  31  4:24  SCV, Marine  
  33  4:33  SCV  
  33  4:36  SCV  
  35  4:45  SCV  
  36  4:51  Siege Tank  
  39  4:55  Liberator  
  39  4:57  SCV  
  43  5:09  SCV  
  44  5:23  Siege Tank  
  38  6:09  Marine  
  39  6:18  Barracks  
  39  6:22  Refinery, Barracks  
  39  6:23  SCV, Barracks  
  40  6:27  Marine  
  41  6:35  SCV  
  42  6:47  SCV  
  43  6:59  SCV  
  41  7:11  Barracks Reactor x3, SCV  
  41  7:15  Marine  
  43  7:23  Supply Depot  
  43  7:25  Supply Depot  
  43  7:26  Supply Depot  
  43  7:28  Supply Depot  
  43  7:33  Marine  
  65  7:37  Medivac  
  46  7:47  Supply Depot  
  46  7:51  Marine  
  40  8:05  Cyclone  
  40  8:07  Medivac  
  40  8:08  Marine  
  29  8:26  Marine  
  30  8:37  Medivac, Cyclone  
  30  8:38  Orbital Command  
  35  8:42  Marine x6  
  35  8:44  Marine  
  42  8:53  Refinery  
  42  8:59  Marine  
  42  9:00  Marine x5  
  48  9:09  Cyclone  
  51  9:10  SCV  
  52  9:17  Marine x2  
  52  9:18  Marine x4  
  52  9:22  SCV  
  59  9:34  SCV  
  59  9:37  Orbital Command  
  60  9:42  Cyclone  
  63  9:46  SCV  
  64  9:58  SCV, Supply Depot x2  
  64  9:59  Supply Depot  
  65  10:00  Supply Depot  
  65  10:05  Marine x4  
  65  10:06  Marine x2  
  71  10:12  Medivac  
  71  10:14  Cyclone  
  76  10:23  Marine x3  
  76  10:42  Medivac  
  76  10:46  Cyclone  
  76  10:47  Marine x6  
  87  11:05  Marine x6  
  93  11:18  Cyclone  
  71  11:50  Cyclone  
  67  12:27  Siege Tank  
Show
View Real Time Build Order
Export as new Build Order

arcos Protoss - Winner!

Build Orders: Oracle Opening, Carriers, Dark Templar Rush 

Get SALT Encoding   

  12  0:18  Probe, Pylon  
  13  0:38  Probe  
  13  0:41  Gateway  
  14  0:44  Assimilator  
  14  0:46  Probe  
  14  0:56  Probe  
  16  1:08  Probe  
  17  1:20  Probe  
  18  1:31  Cybernetics Core  
  18  1:32  Probe  
  19  1:36  Assimilator  
  19  1:47  Pylon  
  19  2:10  Nexus  
  19  2:18  Stalker  
  19  2:20  Warp Gate  
  21  2:24  Probe  
  22  2:36  Probe  
  23  2:41  Stargate  
  23  2:48  Probe  
  24  2:58  Twilight Council  
  24  3:04  Pylon  
  24  3:17  Gateway  
  24  3:22  Oracle  
  27  3:45  Probe  
  28  3:53  Dark Shrine  
  28  3:58  Probe x2  
  30  4:10  Probe x2  
  32  4:22  Probe  
  30  4:54  Gateway  
  30  4:55  Gateway  
  30  4:56  Gateway  
  30  5:00  Pylon  
  30  5:01  Probe  
  31  5:07  Pylon  
  31  5:11  Assimilator  
  31  5:13  Probe  
  32  5:15  Void Ray  
  36  5:21  Dark Templar x2  
  36  5:25  Probe  
  41  5:36  Charge  
  41  5:44  Assimilator  
  41  5:49  Probe, Forge  
  42  5:50  Probe  
  42  5:56  Dark Templar  
  45  6:00  Dark Templar  
  45  6:01  Probe  
  45  6:02  Probe  
  49  6:13  Probe  
  49  6:14  Probe  
  51  6:25  Probe  
  51  6:26  Probe  
  53  6:37  Probe  
  53  6:38  Probe  
  55  6:50  Probe, Robotics Facility  
  55  6:52  Nexus  
  48  7:10  Fleet Beacon  
  48  7:13  Pylon  
  48  7:14  Stalker x2  
  52  7:16  Zealot x3  
  58  7:28  Stargate x2  
  58  7:37  Probe  
  59  7:44  Zealot x3  
  59  7:50  Probe  
  64  8:02  Probe  
  65  8:29  Carrier  
  65  8:32  Carrier  
  77  8:35  Carrier  
  83  8:44  Zealot x2  
  83  8:45  Zealot x3  
  85  9:31  Carrier  
  85  9:32  Carrier  
  85  9:35  Carrier  
  85  9:54  Stalker x3  
  85  9:58  Stalker  
  89  11:19  Stalker x2  
  93  11:30  Pylon  
  93  11:32  Pylon  
  93  11:36  Pylon  
  93  11:39  Pylon  
  93  11:41  Pylon  
  93  11:43  Assimilator  
  93  11:45  Pylon  
  93  11:48  Probe x2, Carrier  
  93  11:50  Probe, Carrier  
  114  11:54  Carrier  
  114  12:00  Probe x2  
  120  12:02  Probe, Observer  
  114  12:12  Probe x2  
  114  12:14  Probe  
  117  12:24  Probe x2  
  116  12:36  Probe x2  
  118  12:56  Zealot x2  
  118  12:57  Zealot x3  
Tags
 
Add a new tag
Caveats
  • Supply blocks, unpowered buildings, or Contaminate may cause inaccurate times.
  • Supply counts are checked every 10 seconds.